 Dungeon Crawl Stone Soup version 0.28-a0-628-g3c9886e45e (webtiles) character file.

Game seed: 17724048463337414961

5342 Sabo the Cruncher (level 10, -1/71 HPs)
             Began as a Formicid Fighter on Oct 8, 2021.
             Was a High Priest of Hepliaklqana.
             Slain by Erica (6 damage)
             ... on level 8 of the Dungeon.
             The game lasted 00:58:09 (8397 turns).

Sabo the Cruncher (Formicid Fighter)                Turns: 8397, Time: 00:58:09

Health: -1/71      AC: 16    Str: 33    XL:     10   Next: 96%
Magic:  10/10      EV:  9    Int:  9    God:    Hepliaklqana [*****.]
Gold:   433        SH: 12    Dex: 12    Spells: 9/9 levels left

rFire   . . .      SeeInvis +   e - +8 mithril axe "Arga" {speed, Will+}
rCold   . . .      Faith    .   l - +2 kite shield {rN+}
rNeg    + . .      Spirit   .   o - +2 plate armour
rPois   .          Reflect  .   (helmet unavailable)
rElec   .          Harm     .   (no cloak)
rCorr   .          Rampage  .   (no gloves)
Will    ++...                   (no boots)
Stlth   ..........              k - amulet of regeneration
HPRegen 1.21/turn               u - +6 ring of strength
MPRegen 0.12/turn               N - +6 ring of strength

@: lethally poisoned (-1 -> -2)
A: reduced essence, permanent stasis, dig shafts and tunnels, antennae 3, four
strong arms
a: Dig, Shaft Self, Renounce Religion, Recall Ancestor, Ancestor Identity,
Transference, Idealise


You were on level 8 of the Dungeon.
You worshipped Hepliaklqana.
Hepliaklqana was extremely pleased with you.
You visited 1 branch of the dungeon, and saw 8 of its levels.
You also visited: Sewer and Ossuary.

You collected 472 gold pieces.
You spent 39 gold pieces at shops.

Inventory:

Hand Weapons
 a - a +1 quarterstaff of freezing
 b - a +4 short sword of holy wrath
 e - the +8 mithril axe "Arga" (weapon) {speed, Will+}
   (You found it on level 8 of the Dungeon)

   Attacks with this weapon are significantly faster.
   Will:      It increases your willpower.
 q - a +4 dagger
 D - a +0 hand crossbow
 E - a +1 vorpal trident
 J - a +2 great mace of draining
 R - a +3 dire flail
 S - a +5 short sword
Missiles
 i - 57 poisoned darts
 t - 40 arrows
 x - a curare-tipped dart
 B - 101 bolts
 C - 36 sling bullets
 L - 6 boomerangs of dispersal (quivered)
Armour
 l - a +2 kite shield of positive energy (worn)
 o - a +2 plate armour (worn)
Jewellery
 k - an amulet of regeneration (around neck)
 u - a +6 ring of strength (left hand)
 I - a ring of positive energy
 K - a ring of protection from fire
 N - a +6 ring of strength (right hand)
 P - a ring of willpower
Wands
 s - a wand of paralysis (9)
 O - a wand of iceblast (5)
Scrolls
 h - 2 scrolls of fear
 y - a scroll of fog
 z - a scroll of enchant weapon
 F - a scroll of magic mapping
 G - a scroll of enchant armour {unknown}
 H - a scroll of brand weapon
 Q - a scroll of silence
Potions
 c - a potion of resistance
 d - 2 potions of might
 f - a potion of degeneration {unknown}
 n - 2 potions of haste {unknown}
 p - 3 potions of invisibility
 r - 3 potions of magic {unknown}
 v - a potion of attraction {unknown}
 w - 3 potions of heal wounds {unknown}
 A - 6 potions of curing
 M - 2 potions of flight {unknown}


   Skills:
 + Level 7.2 Fighting
 + Level 0.4 Short Blades
 + Level 0.1(6.0) Maces & Flails
 + Level 9.7 Staves
 + Level 0.5 Throwing
 + Level 9.0 Armour
 + Level 2.7 Dodging
 + Level 3.3 Stealth
 + Level 8.4 Shields


You had 9 spell levels left.
You didn't know any spells.
Your spell library contained the following spells:

 Spells                   Type           Power      Damage    Failure   Level
 Slow                     Hex            0%         N/A       99%         2
 Call Canine Familiar     Summ           0%         N/A       100%        3
 Confusing Touch          Hex            0%         N/A       100%        3
 Portal Projectile        Hex/Tloc       0%         N/A       100%        3
 Vampiric Draining        Necr           0%         2d6       100%        3
 Leda's Liquefaction      Hex/Erth       0%         N/A       100%        4


Dungeon Overview and Level Annotations

Branches:
Dungeon (8/15)             Temple (0/1) D:5           Sewer (visited)
Ossuary (visited)
   Lair: D:8-11

Altars:
Dithmenos
Elyvilon
Hepliaklqana
Makhleb
Wu Jian
The Shining One

Shops:
D:3 !   D:6 *

Portals:
Abyss: D:6

Annotations:
D:8 Erica


Innate Abilities, Weirdness & Mutations

Your life essence is reduced to manifest your ancestor. (-10% HP)
You cannot be hasted, slowed, berserked, paralysed or teleported.
You can dig through walls and to a lower floor.
You have a pair of large antennae on your head. (SInv)
Your four strong arms can wield two-handed weapons with a shield.


Message History

Erica shouts!
Found a potion of curing.
Erica gestures at you while chanting. The bolt of poison hits you!!
You are poisoned.
You feel very sick.
Erica casts a spell.
Erica flickers and vanishes for a moment.
You feel very sick.
Erica hits Kendra with a +0 scimitar of flaming!
Erica burns Kendra.
You swap places.
You feel very sick.
Erica hits you with a +0 scimitar of flaming.
Erica burns you.
You feel sick.
Erica points at you and mumbles some strange words.
The bolt of poison hits you!
You are more poisoned.
* * * LOW HITPOINT WARNING * * *
You slash Erica!
Erica is moderately wounded.
You feel very sick. Erica barely misses you.
Kendra hits Erica with a +0 flail.
You closely miss Erica.
Erica is moderately wounded.
You feel very sick. You block Erica's attack.
Kendra misses Erica.
You slash Erica!
Erica is moderately wounded.
You feel very sick. Erica barely misses you.
Kendra closely misses Erica.
Erica screams, "Coming here was suicide!
For you!" Erica gestures at you while chanting.
You resist with almost no effort.
Kendra closely misses Erica.
You slash Erica!
Erica is heavily wounded.
You feel sick.
Erica hits you with a +0 scimitar of flaming.
You die...

##...#.##.....###
#..#............#
##....#.##.....#.#
##....######...#...
.########.#.#.......[......
.........##.##.####.####...
....##.............# #### #
#.##..##.##.###..#
#.....R@.# ## #..#
.........#@#.# #..#
######...##.## #..# #....
... #..# #.#.#####. #..#
#.#.# ##.###..# #.#.!
.)......# #.###
##.####.####### #........


You could see the friendly Kendra the knight and Erica (invisible, ally target).

Vanquished Creatures
  A two-headed ogre (D:7)
  A wizard (D:6)
  An ancient zyme (D:6)
  The ghost of CowFu the Ruffian, an amateur DrTm (D:4)
  2 small abominations (D:6)
  A water moccasin (D:6)
  An orc warrior (D:6)
  An ice beast (D:7)
  3 ogres
  A black bear (D:7)
  A phantom (D:6)
  An elf zombie (Ossuary)
  2 kobold brigands (Sewer)
  3 bullfrogs
  A gnoll sergeant (D:7)
  A scorpion (D:5)
  3 wights (D:7)
  A howler monkey (D:7)
  A bullfrog zombie (D:5)
  2 centaur zombies
  2 hounds (D:4)
  3 jellies
  A human zombie (Ossuary)
  An orc priest (D:4)
  A bullfrog skeleton (D:6)
  An iguana (D:7)
  A killer bee zombie (D:7)
  A mummy (Ossuary)
  Robin (D:4)
  A gnoll (D:7)
  8 adders
  2 river rats (Sewer)
  2 shadow imps
  2 white imps
  An ufetubus (D:5)
  An adder zombie (Ossuary)
  2 adder skeletons
  A worm (D:2)
  6 dart slugs
  5 orcs
  8 ball pythons
  7 endoplasms
  2 giant cockroaches
  3 goblins
  9 hobgoblins
  A jackal (D:3)
  2 quokkas
  4 bats
  5 frilled lizards
  2 goblin zombies (Ossuary)
  6 hobgoblin zombies (Ossuary)
  A jackal zombie (Ossuary)
  5 kobolds
  4 kobold zombies (Ossuary)
  9 orc zombies (Ossuary)
  8 rats
148 creatures vanquished.

Vanquished Creatures (collateral kills)
  The ghost of AttackTheMoon the Skirmisher, a novice OpAK of Lugonu (D:4)
  The ghost of pokeman the Thaumaturge, a novice DEWz of Vehumet (D:6)
  2 necrophages
  2 ogres (D:4)
  6 kobold brigands (Sewer)
  A bullfrog (D:6)
  2 wights (D:7)
  A centaur zombie (D:7)
  A bullfrog skeleton (D:5)
  An iguana (D:7)
  A human zombie (Ossuary)
  A centaur skeleton (D:5)
  A mummy (Ossuary)
  3 adders
  2 shadow imps
  2 white imps (D:7)
  A worm (D:3)
  6 orcs
  An endoplasm (Sewer)
  7 goblins
  2 hobgoblins
  2 jackals (D:3)
  A goblin zombie (Ossuary)
  A hobgoblin zombie (Ossuary)
  2 jackal zombies (Ossuary)
  6 kobolds
  2 kobold zombies (Ossuary)
  3 orc zombies (Ossuary)
  A rat (Sewer)
  A rat zombie (Ossuary)
64 creatures vanquished.

Vanquished Creatures (others)
  5 withered plants (D:4)
5 creatures vanquished.

Grand Total: 217 creatures vanquished

Notes
Turn   | Place    | Note
-------+----------+-------------------------------------------
     0 | D:1      | Sabo the Formicid Fighter began the quest for the Orb.
     0 | D:1      | Reached XP level 1. HP: 18/18 MP: 1/1
   104 | D:1      | Reached XP level 2. HP: 20/24 MP: 2/2
   349 | D:1      | Reached XP level 3. HP: 18/29 MP: 3/3
  1172 | D:2      | Found a faded altar of an unknown god.
  1183 | D:2      | Became a worshipper of Hepliaklqana the Forgotten
  1183 | D:2      | Reached * piety under Hepliaklqana
  1368 | D:2      | Reached skill level 1 in Dodging
  1505 | D:2      | Reached XP level 4. HP: 33/33 MP: 4/4
  2082 | D:3      | Reached ** piety under Hepliaklqana
  2084 | D:3      | Remembered your ancestor Kendra as a knight
  2239 | D:3      | Reached XP level 5. HP: 30/37 MP: 5/5
  2327 | D:3      | Found Watzosau's Distillery.
  2462 | D:3      | Found a glowing drain.
  2478 | Sewer    | Entered a sewer
  2503 | Sewer    | Noticed a kobold brigand
  2513 | Sewer    | Killed a kobold brigand
  2615 | Sewer    | Reached XP level 6. HP: 43/43 MP: 6/6
  2774 | Sewer    | Reached skill level 5 in Armour
  2774 | Sewer    | Reached XP level 7. HP: 9/49 MP: 7/7
  2916 | Sewer    | Reached skill level 5 in Staves
  3057 | Sewer    | Reached XP level 8. HP: 54/54 MP: 8/8
  3239 | D:3      | Bought a potion of curing for 39 gold pieces
  3592 | D:4      | Reached skill level 5 in Fighting
  3666 | D:4      | Found a runed translucent gate.
  3666 | D:4      | Found a runed translucent gate.
  3667 | D:4      | Found a runed translucent gate.
  3792 | D:4      | Noticed CowFu's ghost (amateur DrTm)
  3793 | D:4      | Noticed AttackTheMoon's ghost (novice OpAK)
  3911 | D:4      | Reached skill level 5 in Shields
  4007 | D:4      | Reached *** piety under Hepliaklqana
  4401 | D:4      | Noticed Robin
  4437 | D:4      | Killed Robin
  4533 | D:4      | Identified a scroll of acquirement
  4534 | D:4      | Acquired a +2 kite shield of positive energy
  4569 | D:4      | Killed AttackTheMoon's ghost
  4570 | D:4      | Reached skill level 1 in Stealth
  4577 | D:4      | Killed CowFu's ghost
  4578 | D:4      | Reached XP level 9. HP: 18/61 MP: 9/9
  4770 | D:5      | Entered Level 5 of the Dungeon
  4770 | D:5      | Found a staircase to the Ecumenical Temple.
  4825 | D:5      | Found a sand-covered staircase.
  4838 | Ossuary  | Entered an ossuary
  5310 | D:5      | Reached **** piety under Hepliaklqana
  5886 | D:5      | Found a shadowy altar of Dithmenos.
  6381 | D:6      | Found Ututip's Elemental Accessories.
  6651 | D:6      | Found a one-way gate to the infinite horrors of the Abyss.
  6651 | D:6      | Noticed pokeman's ghost (novice DEWz)
  6651 | D:6      | Noticed a wizard
  6668 | D:6      | Found a transporter.
  6669 | D:6      | Noticed an ancient zyme
  6780 | D:6      | Found a transporter.
  7056 | D:6      | Reached XP level 10. HP: 48/68 MP: 10/10
  7075 | D:6      | Killed a wizard
  7167 | D:6      | Killed pokeman's ghost
  7323 | D:7      | Noticed a two-headed ogre
  7331 | D:7      | Killed a two-headed ogre
  7509 | D:7      | Reached ***** piety under Hepliaklqana
  7740 | D:7      | Found a white marble altar of Elyvilon.
  7956 | D:7      | Found a glowing golden altar of the Shining One.
  8064 | D:7      | Found an ornate altar of the Wu Jian Council.
  8076 | D:7      | Found a burning altar of Makhleb.
  8340 | D:8      | Found the +8 mithril axe "Arga" {speed, Will+}
  8388 | D:8      | Noticed Erica
  8397 | D:8      | Slain by Erica

Illustrated notes

Levels and vault maps discovered:
D:1:      ncdulo_halloftheorcs, layout_loops_ring
D:2:      layout_loops_corners, ebering_ecumenical_altar_petrified,
          minmay_small_reverse_x
D:3:      layout_rooms, cheibrodos_sewer_entry_bend, serial_shops, shop_statue
D:4:      layout_basic, gammafunk_ghost_cemetery, uniq_robin
D:5:      layout_gridville, amcnicky_altar_gilded,
          minmay_temple_entry_statues_pillars, enter_ossuary_1
D:6:      layout_cave_pools, gammafunk_ghost_abyssal_escape,
          hangedman_decor_opposing, nicolae_elemental_shop,
          kennysheep_generic_room_10
D:7:      minmay_recursive_quarters, layout_basic,
          mainiacjoe_overflow_big_doors, mainiacjoe_overflow_surrounded_room,
          serial_corexii_hall, corexii_hall_statues_x, corexii_hall_statues_l,
          corexii_hall_statues_s, minmay_ruined_shrine
D:8:      layout_loops_ring, gammafunk_ghost_smash, uniq_erica

Skill      XL: |  1  2  3  4  5  6  7  8  9 10 |
---------------+-------------------------------+-----
Shields        | 4 5 6 8 |  8.4
Dodging        | 1 2 |  2.7
Staves         | 3 4 5 6 8 9 |  9.7
Armour         | 4 5 7 8 9 |  9.0
Fighting       | 4 5 6 7 |  7.2
Stealth        | 1 2 3 |  3.3
Short Blades   | |  0.4
Maces & Flails | |  0.1
Throwing       | |  0.5

Action                   |  1- 3 |  4- 6 |  7- 9 | 10-12 || total
-------------------------+-------+-------+-------+-------++-------
Melee: Quarterstaff      |    75 |   100 |   279 |    73 ||   527
       Short sword       |       |       |    16 |       ||    16
       Dire flail        |       |       |       |    16 ||    16
       Broad axe         |       |       |       |     5 ||     5
Throw: Boomerang         |     1 |       |     2 |       ||     3
Invok: Recall Ancestor   |       |     1 |       |       ||     1
       Ancestor Life: Kn |       |     1 |       |       ||     1
       Ancestor Identity |       |     1 |       |       ||     1
 Abil: Dig               |     2 |     4 |     4 |     5 ||    15
  Use: Scroll            |       |     2 |     7 |     2 ||    11
       Potion            |       |       |     5 |       ||     5
 Stab: Distracted        |       |       |     3 |       ||     3
Armor: Scale mail        |    12 |       |       |       ||    12
       Chain mail        |    37 |    39 |    97 |       ||   173
       Plate armour      |       |       |       |    25 ||    25
Dodge: Dodged            |    30 |    44 |    84 |    41 ||   199
Block: Buckler           |    15 |    25 |    35 |       ||    75
       Kite shield       |       |       |    89 |    50 ||   139

Table legend: (Time is in decaauts)
 A = Elapsed time spent in this place.
 B = Non-inter-level travel time spent in this place.
 C = Inter-level travel time spent in this place.
 D = Time resting spent in this place.
 E = Time spent auto-exploring this place.
 F = Levels seen in this place.
 G = Mean time per level.
                   A        B        C        D        E       F      G
               +--------+--------+--------+--------+--------+-----+--------+
         Total |   8728 |   8727 |      1 |    982 |      0 |  10 |  872.8 |
       Dungeon |   7436 |   7435 |      1 |    961 |      0 |   8 |  929.5 |
         Sewer |    974 |    974 |      0 |     21 |      0 |   1 |  974.0 |
       Ossuary |    317 |    317 |      0 |      0 |      0 |   1 |  317.0 |
               +--------+--------+--------+--------+--------+-----+--------+

Top non-repeatable levels by time:
     D:4: 1232 daAuts
     D:6: 1139 daAuts
     D:5: 1103 daAuts
     D:1: 1100 daAuts
     D:2: 995 daAuts
   Sewer: 974 daAuts
     D:7: 954 daAuts
     D:3: 772 daAuts
 Ossuary: 317 daAuts
     D:8: 136 daAuts
